Map: Eternal Empire LE

Players

OldGreg - Winner!

  • Race: Protoss Protoss
  • League: Diamond
  • Spawn Location: 1:00

TyderDE

  • Race: Protoss Protoss
  • League: Diamond
  • Spawn Location: 7:00

VOD

Have the link to the VOD?

Description

Time

  • Played on: Jan. 26, 2020, 6:27 p.m.
  • Length: 18:39
Show
View Real Time Build Order
Export as new Build Order

OldGreg Protoss - Winner!

Build Orders: Cannon Rush 

Get SALT Encoding   

  12  0:01  Probe  
  13  0:13  Probe  
  14  0:24  Pylon  
  14  0:26  Probe  
  15  0:42  Probe (Chrono Boost)  
  16  0:43  Forge  
  16  0:54  Probe (Chrono Boost)  
  17  1:11  Pylon  
  17  1:12  Pylon  
  17  1:13  Pylon  
  17  1:15  Pylon  
  17  1:29  Photon Cannon  
  17  1:36  Pylon  
  17  1:43  Photon Cannon  
  17  1:50  Photon Cannon  
  17  2:10  Pylon  
  17  2:21  Photon Cannon  
  17  2:22  Pylon  
  17  2:23  Pylon  
  17  2:31  Photon Cannon  
  17  2:40  Photon Cannon  
  17  2:46  Photon Cannon  
  17  2:56  Pylon  
  17  3:05  Pylon  
  17  3:11  Pylon  
  17  3:19  Photon Cannon  
  17  3:26  Photon Cannon  
  17  3:34  Photon Cannon  
  17  3:39  Probe  
  18  3:49  Photon Cannon  
  18  3:51  Photon Cannon  
  18  3:54  Photon Cannon  
  18  4:03  Photon Cannon  
  18  4:06  Photon Cannon  
  18  4:13  Photon Cannon  
  18  4:20  Photon Cannon  
  18  4:27  Photon Cannon  
  18  4:33  Photon Cannon  
  18  4:40  Assimilator  
  18  4:48  Gateway  
  18  4:49  Probe  
  19  5:10  Probe  
  20  5:20  Assimilator  
  20  5:22  Probe  
  20  5:25  Photon Cannon  
  21  5:31  Photon Cannon  
  20  6:01  Cybernetics Core  
  20  6:11  Pylon  
  20  6:12  Probe (Chrono Boost)  
  21  6:22  Probe (Chrono Boost)  
  22  6:26  Pylon  
  22  6:37  Robotics Facility  
  22  6:53  Photon Cannon  
  22  6:55  Probe  
  23  7:02  Shield Battery  
  23  7:08  Gateway  
  23  7:12  Photon Cannon  
  23  7:20  Gateway  
  23  7:27  Immortal (Chrono Boost)  
  27  7:41  Shield Battery  
  27  7:48  Shield Battery  
  26  8:06  Stalker, Photon Cannon  
  28  8:30  Immortal  
  32  8:44  Stalker (Chrono Boost)  
  32  8:45  Stalker (Chrono Boost)  
  32  9:06  Stalker  
  34  9:19  Immortal  
  34  9:47  Stalker x2  
  38  10:17  Zealot  
  38  10:27  Zealot  
  40  10:31  Immortal  
  44  10:44  Zealot  
  36  11:23  Stargate  
  36  11:25  Stargate  
  36  11:26  Zealot  
  36  11:27  Zealot  
  30  12:09  Void Ray x2 (Chrono Boost)  
  32  12:45  Nexus  
  32  13:02  Pylon  
  32  13:13  Shield Battery  
  32  13:27  Void Ray (Chrono Boost)  
  33  14:17  Assimilator  
  33  14:21  Assimilator  
  33  14:22  Probe  
  34  14:31  Void Ray  
  34  14:34  Probe  
  39  14:47  Probe  
  40  14:54  Void Ray (Chrono Boost)  
  40  14:59  Probe  
  41  15:19  Void Ray (Chrono Boost)  
  45  15:31  Stargate  
  45  15:32  Probe  
  46  15:52  Pylon  
  46  15:55  Pylon  
  46  16:09  Void Ray x2  
  54  16:21  Void Ray  
  58  16:29  Probe  
  59  16:41  Probe  
  60  16:53  Probe  
  57  17:13  Shield Battery  
  57  17:16  Void Ray  
  57  17:17  Shield Battery  
  57  17:19  Shield Battery  
  61  17:24  Shield Battery  
  61  17:26  Shield Battery  
  61  17:54  Void Ray  
Show
View Real Time Build Order
Export as new Build Order

TyderDE Protoss 

Build Orders:  

Get SALT Encoding   

  12  0:01  Probe  
  13  0:13  Probe  
  14  0:19  Pylon  
  14  0:25  Probe  
  15  0:37  Probe (Chrono Boost)  
  15  0:42  Gateway  
  16  0:46  Assimilator  
  17  0:50  Probe (Chrono Boost)  
  17  0:55  Probe (Chrono Boost)  
  18  0:58  Assimilator  
  18  1:08  Gateway  
  18  1:10  Probe  
  19  1:28  Zealot (Chrono Boost)  
  19  1:32  Pylon  
  21  2:03  Probe  
  22  2:09  Cybernetics Core  
  20  2:21  Zealot (Chrono Boost)  
  17  2:26  Probe  
  20  2:38  Probe  
  21  2:45  Stalker (Chrono Boost)  
  21  2:50  Probe  
  23  3:06  Probe  
  23  3:12  Stalker (Chrono Boost)  
  23  3:22  Pylon  
  20  3:40  Probe  
  18  3:52  Probe  
  21  4:26  Gateway  
  21  4:32  Stalker (Chrono Boost)  
  21  4:36  Pylon  
  21  4:48  Probe  
  21  5:15  Cybernetics Core  
  21  5:16  Probe  
  22  5:28  Probe  
  23  5:40  Probe  
  22  5:50  Warp Gate (Chrono Boost)  
  22  5:52  Stalker  
  22  5:56  Probe  
  25  6:02  Pylon  
  25  6:06  Robotics Facility  
  25  6:08  Probe  
  26  6:14  Pylon  
  26  6:23  Probe  
  27  6:35  Probe  
  28  6:47  Probe  
  28  6:53  Warp Prism  
  31  7:00  Gateway  
  31  7:05  Probe, Shield Battery  
  32  7:21  Probe  
  33  7:25  Pylon  
  33  7:33  Probe  
  34  7:48  Nexus  
  34  8:03  Stalker x2  
  36  8:24  Immortal (Chrono Boost)  
  40  8:34  Stalker x2  
  41  8:58  Immortal  
  41  8:59  Shield Battery  
  45  9:08  Probe  
  42  9:35  Probe  
  35  9:48  Stalker x2, Immortal (Chrono Boost)  
  35  9:49  Probe  
  44  9:56  Shield Battery  
  44  9:57  Gateway  
  44  10:01  Probe  
  44  10:14  Stalker  
  40  10:25  Immortal  
  44  10:34  Probe  
  44  10:49  Stalker x2  
  46  11:05  Pylon  
  46  11:17  Nexus  
  46  11:19  Assimilator  
  46  11:26  Shield Battery  
  45  11:50  Stalker  
  45  11:52  Sentry x2  
  47  12:18  Probe  
  44  12:30  Probe  
  45  12:37  Stalker x2  
  45  12:38  Stalker  
  51  12:54  Colossus  
  51  13:04  Warp Prism  
  53  13:12  Probe  
  54  13:16  Probe  
  55  13:41  Observer  
  42  14:19  Stalker  
  42  14:20  Stalker x2  
  48  14:25  Gateway  
  48  14:27  Gateway  
  48  14:30  Assimilator  
  46  14:31  Assimilator  
  46  14:42  Probe x2  
  46  14:44  Stalker x3  
  54  14:49  Pylon  
  54  14:52  Twilight Council  
  54  14:54  Probe x2  
  48  15:10  Stalker x3  
  50  15:23  Blink (Chrono Boost)  
  50  15:25  Stalker x2  
  54  15:35  Stalker x2  
  58  15:36  Gateway  
  58  15:37  Sentry  
  58  15:41  Probe  
  61  15:49  Templar Archives  
  61  15:51  Probe (Chrono Boost)  
  61  15:54  Probe (Chrono Boost)  
  63  16:01  Stalker  
  63  16:02  Stalker, Probe (Chrono Boost)  
  68  16:05  Probe (Chrono Boost)  
  69  16:26  Probe x2  
  69  16:27  Stalker x2, Pylon  
  69  16:30  High Templar  
  77  16:36  Pylon  
  77  16:47  High Templar x3  
  77  16:51  Archon  
  77  16:52  Archon  
  79  17:08  Observer  
  79  17:18  Pylon  
  79  17:19  Pylon  
  79  17:34  Nexus  
  79  17:37  High Templar x2  
  79  17:41  Archon  
  55  18:23  Stalker  
Tags
 
Add a new tag
Caveats
  • Supply blocks, unpowered buildings, or Contaminate may cause inaccurate times.
  • Supply counts are checked every 10 seconds.